 Dungeon Crawl Stone Soup version 0.32-a0-20-ge526923d97 (webtiles) character file.

Game seed: 9180976011255337687

11 croobank the Sneak (level 2, -1/24 HPs)
             Began as a Human Delver on Jan 18, 2024.
             Killed from afar by a white imp (5 damage)
             ... with a puff of frost
             ... on level 6 of the Dungeon.
             The game lasted 00:00:44 (253 turns).

croobank the Sneak (Human Delver)                    Turns: 253, Time: 00:00:44

Health: -1/24      AC:  3    Str: 12    XL:     2   Next: 25%
Magic:  2/2        EV: 12    Int: 10    God:
Gold:   20         SH:  0    Dex: 14    Spells: 1/1 levels left

rFire   . . .        a - +0 short sword
rCold   . . .        (no shield)
rNeg    . . .        b - +0 leather armour
rPois   .            (no helmet)
rElec   .            (no cloak)
rCorr   .            (no gloves)
SInv    .            (no boots)
Will    .....        (no amulet)
Stlth   +++          (no ring)
HPRegen 0.24/turn    (no ring)
MPRegen 0.08/turn

%: no passive effects
@: no status effects
A: explore regen
a: no special abilities


You were on level 6 of the Dungeon.
You visited 1 branch of the dungeon, and saw 2 of its levels.

You collected 20 gold pieces.

Inventory:

Hand Weapons
 a - a +0 short sword (weapon)
Armour
 b - a +0 leather armour (worn)
Wands
 g - a wand of digging (3)
Scrolls
 c - a scroll of fog
 d - a scroll of revelation
 e - a scroll of fear
Potions
 f - a potion of haste
 h - a potion of enlightenment {unknown}


   Skills:
 + Level 3.1 Fighting
 + Level 2.2 Short Blades
 + Level 2.2 Dodging
 + Level 5.1 Stealth


You had one spell level left.
You didn't know any spells.
Your spell library contained the following spells:

 Spells                   Type           Power      Damage    Failure   Level
 Dazzling Flash           Conj/Hex       0%         N/A       82%         3
 Volatile Blastmotes      Fire/Tloc      0%         2d10      82%         3
 Starburst                Conj/Fire      0%         6d3       100%        6
 Maxwell's Capacitive Co  Air            0%         ∞         100%        8


Dungeon Overview and Level Annotations

Branches:
Dungeon (6/15)
 Temple: D:4-7

Altars:


Innate Abilities, Weirdness & Mutations

You regain HP and MP as you explore.


Message History

The ufetubus barely misses you.
The ufetubus hits you but does no damage.
The ufetubus hits you.
The ufetubus hits you but does no damage.
You hit the ufetubus.
You kill the ufetubus!
You have reached level 2!
You start resting.
HP restored.
You start waiting.
Done waiting.
Found a sling.
You see here a +0 sling.
Found a stone staircase leading down.
Found a golden potion.
h - a golden potion
Found 20 gold pieces.
A sleepcap comes into view.
Found 4 stones.
You see here 20 gold pieces.
You now have 20 gold pieces.
There is a stone staircase leading down here.
Found a book of Spectacle and 16 gold pieces.
A white imp comes into view.
The white imp shouts!
An adder comes into view.
The white imp gestures at you. The puff of frost hits you!
You see here a book of Spectacle.
You pick up a book of Spectacle and begin reading...
You add the spells Volatile Blastmotes, Dazzling Flash, Starburst and Maxwell's Capacitive Coupling to your library.
The white imp gestures at you. The puff of frost hits you.
The white imp gestures at you. The puff of frost hits you!
* * * LOW HITPOINT WARNING * * *
There is a stone staircase leading down here.
The white imp gestures at you. The puff of frost hits you.
You die...

#.......# ......
##......# ..$...
#......# #......
##.....# ..S....
#.....# ##.......
#.....# #.5......
#.....####.#......
###....##..# #####
#......@..##
#.#########
#.#<..###
###.#.#...#
#.....#.#.#
###.#.#.###.#
#...#.......#
#.###)####### #.#
#.#


You could see an adder (wandering) and a white imp.

Vanquished Creatures
  2 ufetubi (D:6)
2 creatures vanquished.

Notes
Turn   | Place    | Note
-------+----------+-------------------------------------------
     0 | D:5      | croobank the Human Delver began the quest for the Orb.
     0 | D:5      | Reached XP level 1. HP: 18/18 MP: 1/1
    13 | D:6      | Reached XP level 2. HP: 14/24 MP: 2/2
   253 | D:6      | Killed from afar by a white imp

Illustrated notes

Levels and vault maps discovered:
D:5:      layout_loops_corners, riverfiend_overflow_shadow_ancestor,
          serial_bayou_pond_a, dreamdust_princess_bridge,
          nicolae_shop_self_help, uniq_menkaure
D:6:      layout_basic, temple_fountains, uniq_grinder

Action                     || total
---------------------------++-------
  Melee: Short sword       ||     7
   Stab: Sleeping          ||     1
 Armour: Leather armour    ||    11
  Dodge: Dodged            ||     7

Table legend: (Time is in decaauts)
 A = Elapsed time spent in this place.
 B = Non-inter-level travel time spent in this place.
 C = Inter-level travel time spent in this place.
 D = Time resting spent in this place.
 E = Time spent auto-exploring this place.
 F = Levels seen in this place.
 G = Mean time per level.
                   A        B        C        D        E       F      G
               +--------+--------+--------+--------+--------+-----+--------+
         Total |    252 |    252 |      0 |    141 |      2 |   2 |  126.0 |
       Dungeon |    252 |    252 |      0 |    141 |      2 |   2 |  126.0 |
               +--------+--------+--------+--------+--------+-----+--------+

Top non-repeatable levels by time:
     D:6: 251 daAuts
     D:5: 1 daAuts
